 Dungeon Crawl Stone Soup version 0.31.0-11-ge490571c62 (webtiles) character file.

Game seed: 3801393846005252227

216 Gadfly the Insei (level 5, -3/41 HPs)
             Began as a Demonspawn Monk on Feb 2, 2024.
             Killed from afar by an orc wizard (8 damage)
             ... with a magic dart
             ... on level 3 of the Dungeon.
             The game lasted 00:02:58 (2263 turns).

Gadfly the Insei (Demonspawn Monk)                  Turns: 2263, Time: 00:02:59

Health: -3/41      AC:  8    Str: 13    XL:     5   Next: 61%
Magic:  5/5        EV: 13    Int: 11    God:
Gold:   127        SH:  0    Dex: 15    Spells: 4/4 levels left

rFire   . . .        b - +2 spear (venom)
rCold   . . .        (no shield)
rNeg    . . .        m - +0 robe
rPois   .            q - +0 helmet
rElec   .            n - +0 cloak
rCorr   .            i - +0 pair of gloves
SInv    .            (no boots)
Will    .....        d - amulet of faith
Stlth   +            (no ring)
HPRegen 0.26/turn    (no ring)
MPRegen 0.09/turn

%: faith
@: no status effects
A: yellow scales 2, powered by death 1
a: no special abilities


You were on level 3 of the Dungeon.
You visited 1 branch of the dungeon, and saw 3 of its levels.

You collected 127 gold pieces.

Inventory:

Hand Weapons
 b - a +2 spear of venom (weapon)
 k - a +4 quarterstaff of chaos
 p - a +2 short sword of draining
Armour
 c - an orb of light
 i - a +0 pair of gloves (worn)
 m - a +0 robe (worn)
 n - a +0 cloak (worn)
 q - a +0 helmet (worn)
Jewellery
 d - an amulet of faith (around neck)
 j - a ring of fire
Wands
 l - a wand of flame (22)
Scrolls
 e - 4 scrolls of identify
 g - a scroll of butterflies
 o - a scroll of teleportation


   Skills:
 - Level 3.0 Fighting
 + Level 3.3 Dodging
 * Level 3.8 Unarmed Combat
 * Level 2.6 Evocations
 * Level 2.1 Shapeshifting


You had 4 spell levels left.
You didn't know any spells.
Your spell library contained the following spells:

 Spells                   Type           Power      Damage    Failure   Level
 Ensorcelled Hibernation  Hex/Ice        0%         N/A       47%         2
 Scorch                   Fire           0%         2d5       47%         2
 Fugue of the Fallen      Necr           0%         N/A       71%         3
 Volatile Blastmotes      Fire/Tloc      0%         2d10      71%         3
 Anguish                  Hex/Necr       0%         N/A       98%         4
 Flame Wave               Conj/Fire      0%         2d4       98%         4
 Fulminant Prism          Conj/Alch      0%         3d5       98%         4
 Iskenderun's Mystic Bla  Conj/Tloc      0%         2d3       98%         4
 Summon Cactus Giant      Summ           0%         N/A       100%        6


Dungeon Overview and Level Annotations

Branches:
Dungeon (3/15)

Altars:


Innate Abilities, Weirdness & Mutations

You are mostly covered in yellow scales. (AC +3)
You regenerate a little health from kills.


Message History

You are too injured to fight recklessly!
You are too injured to fight recklessly!
You are too injured to fight recklessly!
You are too injured to fight recklessly!
You are too injured to fight recklessly!
You are too injured to fight recklessly!
You are too injured to fight recklessly!
You puncture the orc!
You kill the orc!
You hear some strange, mumbled words.
You are confused.
You barely miss the goblin. The goblin barely misses you.
You are too injured to fight recklessly!
You bump into the rock wall.
The goblin barely misses you.
You bump into the rock wall.
The goblin unwields a +0 dagger.
The goblin wields a +0 sling.
The goblin shoots a sling bullet.
The sling bullet hits you but does no damage.
You bump into the rock wall.
The goblin hits you with a +0 dagger.
The goblin shoots a sling bullet.
The sling bullet barely misses you.
You bump into the rock wall.
Something barely misses you. The goblin hits you with a +0 dagger.
The goblin shoots a sling bullet.
The sling bullet hits you.
You miss the goblin.
You feel less confused.
You hear some strange, mumbled words.
A magic dart appears from out of thin air!
The magic dart hits you!
* * * LOW HITPOINT WARNING * * *
The goblin closely misses you. Something hits you but does no damage.
You hear some strange, mumbled words.
A puff of flame appears from out of thin air!
The puff of flame hits you.
* * * LOW HITPOINT WARNING * * *
It was a potion of magic.
Magic courses through your body.
It was a potion of cancellation.
You feel magically purged.
You hear some strange, mumbled words.
A magic dart appears from out of thin air!
The magic dart hits you!
You die...

......
#......##...... .....
+.............#
....###.....###.....#
...##......+........
#..##......###.#..##
#..##......# #.#...<
#..##......# #.##.##
#..##.###### ......
#.{@..# ......
#g##### ##..## #.#
#g### #g).## ###o.#
#.......# #.......#
#[......#


You could see a goblin.

Vanquished Creatures
  An orc priest (D:3)
  Crazy Yiuf (D:2)
  Jessica (D:2)
  Terence (D:2)
  Robin (D:3)
  3 adders (D:2)
  2 ribbon worms (D:2)
  A dart slug (D:2)
  2 orcs (D:3)
  8 ball pythons
  4 endoplasms (D:1)
  3 giant cockroaches (D:1)
  6 hobgoblins
  A quokka (D:2)
  2 bats (D:2)
  3 frilled lizards (D:1)
  14 goblins
  4 kobolds
  4 rats
62 creatures vanquished.

Notes
Turn   | Place    | Note
-------+----------+-------------------------------------------
     0 | D:1      | Gadfly the Demonspawn Monk began the quest for the Orb.
     0 | D:1      | Reached XP level 1. HP: 18/18 MP: 1/1
   205 | D:1      | Found a faded altar of an unknown god.
   365 | D:1      | Gained mutation: You are partially covered in yellow
                  | scales. (AC +2) [demonic ancestry]
   365 | D:1      | Reached XP level 2. HP: 24/24 MP: 2/2
   718 | D:1      | Reached skill level 1 in Evocations
   757 | D:2      | Reached skill level 1 in Shapeshifting
   757 | D:2      | Gained mutation: You are mostly covered in yellow scales.
                  | (AC +3) [demonic ancestry]
   757 | D:2      | Reached XP level 3. HP: 29/29 MP: 3/3
   939 | D:2      | Noticed Terence
   956 | D:2      | Killed Terence
  1093 | D:2      | Gained mutation: You regenerate a little health from kills.
                  | [demonic ancestry]
  1093 | D:2      | Reached XP level 4. HP: 35/35 MP: 4/4
  1207 | D:2      | Noticed Jessica
  1211 | D:2      | Killed Jessica
  1412 | D:2      | Found a runed translucent door.
  1413 | D:2      | Noticed Crazy Yiuf
  1955 | D:2      | Killed Crazy Yiuf
  1956 | D:2      | Reached XP level 5. HP: 30/41 MP: 5/5
  2038 | D:3      | Noticed Robin
  2062 | D:3      | Killed Robin
  2065 | D:3      | HP: 2/41 [goblin/+0 dagger[Robin] (2)]
  2263 | D:3      | Killed from afar by an orc wizard

Illustrated notes

Levels and vault maps discovered:
D:1:      roadster_arrival_rocket_small, layout_basic,
          ebering_ecumenical_altar_sacrificial
D:2:      layout_loops_corners, minmay_box_of_dots, uniq_jessica, uniq_terence,
          uniq_crazy_yiuf_cottage
D:3:      layout_basic, uniq_robin

Skill      XL: |  1  2  3  4  5 |
---------------+----------------+-----
Unarmed Combat | 3 |  3.8
Evocations     | 1 2 |  2.6
Shapeshifting  | 1 2 |  2.1
Dodging        | 3 |  3.3
Fighting       | |  3.0

Action                     |  1- 3 |  4- 6 || total
---------------------------+-------+-------++-------
  Melee: Unarmed           |    33 |       ||    33
         Short sword       |    47 |    31 ||    78
         Quarterstaff      |       |    27 ||    27
         Spear             |       |    15 ||    15
         Punch             |       |     1 ||     1
    Use: Scroll            |     2 |     3 ||     5
         Potion            |       |     4 ||     4
 Armour: Robe              |    29 |    59 ||    88
  Dodge: Dodged            |    44 |    65 ||   109
